 Dungeon Crawl Stone Soup version 0.28.0-43-g3370ac3207 (webtiles) character file.

Game seed: 7178979677794207696

141 mortz the Conjurer (level 5, -1/38 HPs)
             Began as a Draconian Conjurer on Mar 5, 2022.
             Slain by Crazy Yiuf
             ... wielding a +3 quarterstaff of chaos
              (10 damage)
             ... on level 3 of the Dungeon.
             The game lasted 00:14:57 (3595 turns).

mortz the Conjurer (Draconian Conjurer)             Turns: 3595, Time: 00:14:57

Health: -1/38      AC:  6    Str: 15    XL:     5   Next: 3%
Magic:  0/9        EV: 12    Int: 20    God:
Gold:   134        SH:  0    Dex: 16    Spells: 6/9 levels left

rFire   . . .      SeeInvis .   g - +2 dagger (venom) {short}
rCold   . . .      Faith    .   (no shield)
rNeg    . . .      Spirit   .   (armour unavailable)
rPois   .          Reflect  .   (helmet restricted)
rElec   .          Harm     .   (no cloak)
rCorr   .          Rampage  .   (no gloves)
Will    .....                   r - +0 pair of boots
Stlth   ++........              (no amulet)
HPRegen 0.12/turn               a - +6 ring of dexterity
MPRegen 0.11/turn               e - +6 ring of strength

@: no status effects
A: AC +5, unfitting armour, cold-blooded
a: no special abilities


You were on level 3 of the Dungeon.
You visited 1 branch of the dungeon, and saw 3 of its levels.

You collected 134 gold pieces.


Innate Abilities, Weirdness & Mutations

Your plain brown scales are hard. (AC +5)
You cannot fit into any form of body armour.
You are cold-blooded and may be slowed by cold attacks.


   Skills:
 * Level 0.8 Short Blades
 + Level 0.9 Throwing
 + Level 2.3 Dodging
 + Level 2.0 Stealth
 + Level 2.7 Spellcasting
 + Level 5.3 Conjurations


You had 6 spell levels left.
You knew the following spells:

 Your Spells              Type           Power      Damage    Failure   Level
a - Magic Dart            Conj           92%        1d7       1%          1
b - Searing Ray           Conj           46%        2d6       2%          2

Your spell library contained the following spells:

 Spells                   Type           Power      Damage    Failure   Level
 Dazzling Flash           Conj/Hex       26%        N/A       16%         3
 Fulminant Prism          Conj/Hex       6%         3d7       45%         4
 Iskenderun's Mystic Bla  Conj/Tloc      13%        2d5       45%         4

Inventory:

Hand Weapons
 g - a +2 dagger of venom (weapon) {short}
   (You took it off a kobold on level 1 of the Dungeon)
 h - a +0 short sword of venom {short}
   (You took it off a kobold on level 1 of the Dungeon)
 o - a +0 rapier {short}
   (You found it on level 2 of the Dungeon)
Missiles
 b - 5 silver javelins {throwing}
 d - 105 stones {throwing}
 f - 2 poisoned darts {throwing}
Armour
 r - a +0 pair of boots (worn)
   (You found it on level 2 of the Dungeon)
Magical Staves
 m - a staff of air {!astaff}
   (You found it on level 1 of the Dungeon)
Jewellery
 a - a +6 ring of dexterity (left hand)
   (You found it on level 1 of the Dungeon)
 e - a +6 ring of strength (right hand)
   (You found it on level 1 of the Dungeon)
Scrolls
 c - a scroll of immolation {unknown}
 i - a scroll of holy word {unknown}
 j - 7 scrolls of identify {unknown}
 l - 2 scrolls of torment {unknown}
 q - 2 scrolls of vulnerability {unknown}
 s - 2 scrolls of fog {unknown}
 t - a scroll of enchant weapon {unknown}
 u - a scroll of teleportation {unknown}
Potions
 k - a potion of heal wounds {unknown}
 n - a potion of mutation {unknown}
 p - 2 potions of brilliance {unknown}

Dungeon Overview and Level Annotations

Branches:
Dungeon (3/15)

Altars:
Okawaru
Zin

Annotations:
D:3 Crazy Yiuf

#............##.#....#
#............#.......+
###..........#.......#
############.......#
#.......# #.......# ###
♣♣##.......# #)..#♣♣
♣♣..#.......#
#...g@♣♣♣♣.......#####
#...#♣..♣).......# #
### ♣♣♣.♣...#...#####
♣♣♣♣♣##.......#
#.......#
###############........
#......#...............
#......#...............
#......#..............#


You could see Crazy Yiuf.


Message History

You have reached level 5! 😎 HP[+5] MP[-1]
You now have 38 max hp (+5).
Your hp is fully restored (38).
There is a stone staircase leading up here.
Things that are here:
a +0 short sword {short}; a kobold corpse 😎 MP[+2]
Your mp is fully restored (9).
j - 7 scrolls labelled WEDEVO UTYEFU (gained 1)
A kobold comes into view. It is wielding a +0 short sword.
Aiming: Magic Dart (safe; 1% risk of failure)
Press: ? - help, Q - select action, (/) - cycle Shift-Dir - straight line, f - kobold
Aim: a kobold, wielding a +0 short sword (asleep, 100% to hit)
The magic dart hits the kobold!
You kill the kobold! 😎 MP[-1]
You lost 1 mp, and now have 8/9 mp.
Things that are here:
a +0 short sword {short}; a kobold corpse 😎 MP[+1]
Your mp is fully restored (9).
You open the door.
There is an open door here.
An endoplasm comes into view.
Aiming: Magic Dart (safe; 1% risk of failure)
Press: ? - help, Q - select action, (/) - cycle Shift-Dir - straight line, f - endoplasm
Aim: an endoplasm (asleep, 100% to hit)
The magic dart hits the endoplasm!
You kill the endoplasm! 😎 MP[-1]
You lost 1 mp, and now have 8/9 mp.
A quokka comes into view. 😎 MP[+1]
Your mp is fully restored (9).
Aiming: Magic Dart (safe; 1% risk of failure)
Press: ? - help, Q - select action, (/) - cycle Shift-Dir - straight line, f - quokka
Aim: a quokka (asleep, 100% to hit)
The magic dart hits the quokka but does no damage. 😎 MP[-1]
You lost 1 mp, and now have 8/9 mp.
Aiming: Magic Dart (safe; 1% risk of failure)
Press: ? - help, Q - select action, (/) - cycle Shift-Dir - straight line, f/p - quokka
Aim: a quokka (100% to hit)
The magic dart hits the quokka!
You kill the quokka! 😎 MP[-1]
You lost 1 mp, and now have 7/9 mp.
Found an escape hatch in the ceiling. 😎 MP[+2]
Your mp is fully restored (9).
There is an escape hatch in the ceiling here.
You see here a +0 chain mail.
Things that are here:
a +0 short sword {short}; a kobold skeleton
There is a stone staircase leading up here.
You see here a +0 dagger {short}.
You open the door.
There is an open door here.
Found an escape hatch in the floor.
You see here a +0 mace {mace}.
You see here a +0 mace {mace}.
You see here a +0 mace {mace}.
Crazy Yiuf shouts!
You open the door.
Crazy Yiuf laughs, "Line!"
Casting: Magic Dart (safe; 1% risk of failure)
Confirm with . or Enter, or press ? or * to list all spells.
Aiming: Searing Ray (safe; 2% risk of failure)
Press: ? - help, Shift-Dir - straight line, f - Crazy Yiuf
Aim: Crazy Yiuf, wielding a +3 quarterstaff of chaos and wearing a +0 cloak (81% to hit)
The searing ray hits Crazy Yiuf. (Press . to maintain the ray.) Crazy Yiuf completely misses you. 😎 MP[-2]
You lost 2 mp, and now have 7/9 mp.
The searing ray hits Crazy Yiuf.
Crazy Yiuf barely misses you. 😎 MP[-1]
You lost 1 mp, and now have 6/9 mp.
The searing ray hits Crazy Yiuf.
Crazy Yiuf screams, "Island!
Lugonu illywillydillykilly sallow."
Crazy Yiuf hits you with a +3 quarterstaff of chaos!
Crazy Yiuf freezes you. 😮 HP[-16] MP[-1]
You take 16 damage, and now have 22/38 hp.
MASSIVE DAMAGE!! (PAUSE)
You lost 1 mp, and now have 5/9 mp.
The searing ray hits Crazy Yiuf.
You finish channelling your searing ray.
Crazy Yiuf hits you with a +3 quarterstaff of chaos!
* * * LOW HITPOINT WARNING * * *
You feel your power leaking away. 😱 HP[-13] MP[-5]
You take 13 damage, and now have 9/38 hp.
MASSIVE DAMAGE!! (PAUSE)
You lost 5 mp, and now have 0/9 mp.
You closely miss Crazy Yiuf.
You tail-slap Crazy Yiuf, but do no damage.
You punch Crazy Yiuf, but do no damage.
Crazy Yiuf hits you with a +3 quarterstaff of chaos!
You die...

Skill      XL: |  1  2  3  4 |
---------------+-------------+-----
Dodging        | 2 |  2.3
Conjurations   | 5 |  5.3
Stealth        | 2 |  2.0
Short Blades   | |  0.8
Throwing       | |  0.9
Spellcasting   | |  2.7

Action                   |  1- 3 |  4- 6 || total
-------------------------+-------+-------++-------
Melee: Dagger            |    13 |    10 ||    23
       Tailslap          |     4 |     2 ||     6
       Punch             |     1 |     1 ||     2
Throw: Javelin           |     6 |       ||     6
 Cast: Magic Dart        |    43 |    33 ||    76
       Searing Ray       |     5 |    13 ||    18
Armor: Skin              |    11 |     4 ||    15
Dodge: Dodged            |    14 |    17 ||    31

Levels and vault maps discovered:
D:1:      minmay_arrival_radiant_lines, layout_basic
D:2:      layout_loops_ring, basic_altar, minmay_strange_pillars,
          minmay_misc_feat_more_columns, minmay_puff
D:3:      layout_basic, mainiacjoe_overflow_tiny_flanked,
          uniq_crazy_yiuf_cottage

Notes
Turn   | Place    | Note
-------+----------+-------------------------------------------
     0 | D:1      | mortz the Draconian Conjurer began the quest for the Orb.
     0 | D:1      | Reached XP level 1. HP: 14/14 MP: 3/3
     0 | D:1      | magus.rc [v1.9.6]
    27 | D:1      | Reached skill level 2 in Dodging
   277 | D:1      | Reached XP level 2. HP: 20/20 MP: 1/5
   663 | D:1      | Learned a level 2 spell: Searing Ray
   998 | D:2      | Reached XP level 3. HP: 26/26 MP: 4/6
  1321 | D:2      | Reached skill level 5 in Conjurations
  1448 | D:2      | Reached XP level 4. HP: 33/33 MP: 4/7
  1757 | D:2      | Found a glowing silver altar of Zin.
  2577 | D:3      | Reached skill level 2 in Stealth
  2729 | D:3      | HP: 3/33 [orc priest/divine providence (11)]
  3034 | D:3      | Found an iron altar of Okawaru.
  3118 | D:3      | Reached XP level 5. HP: 38/38 MP: 7/9
  3538 | D:3      | Found a runed translucent door.
  3539 | D:3      | Noticed Crazy Yiuf
  3594 | D:3      | HP: 9/38 [Crazy Yiuf/+3 quarterstaff of chaos (13)]
  3595 | D:3      | Slain by Crazy Yiuf

Vanquished Creatures
  An orc priest (D:3)
  4 adders (D:2)
  2 worms (D:2)
  2 dart slugs (D:2)
  4 orcs (D:3)
  8 endoplasms
  4 giant cockroaches
  7 hobgoblins
  2 jackals (D:2)
  2 quokkas (D:3)
  3 ball pythons (D:3)
  7 bats
  4 goblins
  7 kobolds
  3 rats
60 creatures vanquished.

Table legend:
 A = Non-vault XP
 B = Vault XP
 C = Vault XP percentage of total XP
 D = Non-vault monster count
 E = Vault monster count
 F = Vault count percentage of total count
                 A         B        C        D         E       F
            +---------+---------+-------+---------+---------+-------
      Total |     196 |       6 |   3.0 |      57 |       3 |   5.0
            +---------+---------+-------+---------+---------+-------
        D:1 |      22 |       0 |   0.0 |      15 |       0 |   0.0
        D:2 |      98 |       6 |   5.8 |      23 |       3 |  11.5
        D:3 |      76 |       0 |   0.0 |      19 |       0 |   0.0
            +---------+---------+-------+---------+---------+-------

Illustrated notes

Table legend:
 A = Kills in this place as a percentage of kills in entire the game.
 B = Kills by you in this place as a percentage of kills by you in the entire game.
 C = Kills by friends in this place as a percentage of kills by friends in the entire game.
 D = Other kills in this place as a percentage of other kills in the entire game.
 E = Experience gained in this place as a percentage of experience gained in the entire game.
 F = Experience gained in this place divided by the number of levels of this place that you have seen.
                   A       B       C       D       E      F
               +-------+-------+-------+-------+-------+----------------------
         Total | 100.0 | 100.0 |   N/A |   N/A | 100.0 |  67.3
       Dungeon | 100.0 | 100.0 |   N/A |   N/A | 100.0 |  67.3
               +-------+-------+-------+-------+-------+----------------------

Table legend: (Time is in decaauts)
 A = Elapsed time spent in this place.
 B = Non-inter-level travel time spent in this place.
 C = Inter-level travel time spent in this place.
 D = Time resting spent in this place.
 E = Time spent auto-exploring this place.
 F = Levels seen in this place.
 G = Mean time per level.
                   A        B        C        D        E       F      G
               +--------+--------+--------+--------+--------+-----+--------+
         Total |   3595 |   3480 |    115 |    593 |   2418 |   3 | 1198.3 |
       Dungeon |   3595 |   3480 |    115 |    593 |   2418 |   3 | 1198.3 |
               +--------+--------+--------+--------+--------+-----+--------+

Top non-repeatable levels by time:
     D:2: 1465 daAuts
     D:3: 1204 daAuts
     D:1: 925 daAuts
